Map: Estaleiro Orbital

Players

EngineerWR - Winner!

  • Race: Terran Terran
  • League: Grandmaster

Unaliased

  • Race: Protoss Protoss
  • League: Grandmaster

VOD

Have the link to the VOD?

Description

Time

  • Played on: Oct. 5, 2015, 12:12 a.m.
  • Length: 10:00
Show
View Real Time Build Order
Export as new Build Order

EngineerWR Terran - Winner!

Build Orders: Command Center First (CC), MMM Bio 

Get SALT Encoding   

  12  0:01  SCV  
  13  0:13  SCV  
  14  0:18  Supply Depot  
  14  0:25  SCV  
  15  0:39  SCV  
  16  0:51  SCV  
  17  1:00  Command Center  
  17  1:03  SCV  
  18  1:15  Barracks  
  18  1:17  SCV  
  19  1:30  Barracks  
  19  1:39  SCV  
  20  1:51  SCV  
  21  1:59  Supply Depot  
  21  2:03  SCV  
  22  2:09  Marine  
  23  2:21  Orbital Command x2  
  23  2:22  Marine  
  23  2:28  Marine  
  25  2:36  Refinery  
  25  2:37  Refinery  
  25  2:42  Marine  
  26  2:48  SCV x2, Bunker  
  26  2:50  Marine  
  29  3:00  SCV  
  29  3:03  SCV  
  31  3:11  Marine x2  
  31  3:12  SCV  
  33  3:21  SCV  
  34  3:29  Barracks  
  34  3:31  Command Center  
  34  3:34  SCV, Engineering Bay  
  34  3:40  Barracks Tech Lab  
  35  3:42  Barracks Tech Lab  
  35  3:47  SCV x2  
  37  3:59  SCV  
  37  4:00  Stimpack  
  38  4:03  Combat Shields  
  38  4:09  Missile Turret  
  38  4:10  Missile Turret  
  38  4:11  Marauder x2  
  42  4:17  Supply Depot  
  42  4:18  Barracks Reactor  
  42  4:21  SCV  
  42  4:24  SCV  
  44  4:34  Marauder  
  46  4:38  SCV x2  
  46  4:39  Marauder  
  46  4:42  Refinery  
  46  4:45  Orbital Command  
  50  4:51  SCV x2  
  52  4:54  Marine x2  
  52  4:56  Marauder  
  56  5:00  Marauder  
  56  5:04  Terran Infantry Weapons Level 1  
  58  5:10  SCV x2, Refinery  
  58  5:11  SCV  
  61  5:15  Marine x2  
  61  5:20  Supply Depot  
  63  5:22  SCV x2  
  63  5:23  Marauder  
  63  5:24  Concussive Shells  
  63  5:28  SCV  
  68  5:32  Supply Depot  
  68  5:34  SCV  
  69  5:45  Factory  
  69  5:46  Barracks  
  69  5:47  Marauder, Marine x2  
  69  5:49  Barracks  
  74  5:54  Marauder  
  75  5:58  Supply Depot  
  75  6:00  Supply Depot  
  75  6:05  SCV x2  
  75  6:06  SCV  
  78  6:17  SCV x2  
  78  6:18  SCV, Marauder, Marine x2  
  82  6:23  Supply Depot, Marauder  
  87  6:26  Supply Depot  
  87  6:29  SCV x2  
  87  6:30  Orbital Command  
  89  6:33  Starport, Factory Reactor  
  89  6:34  Barracks Reactor  
  91  6:47  Marauder  
  91  6:48  Barracks Reactor, Marine  
  91  6:49  Marauder, Marine  
  95  6:56  Engineering Bay  
  95  6:59  Armory  
  95  7:00  Supply Depot  
  95  7:01  Supply Depot  
  95  7:02  SCV  
  95  7:03  SCV  
  95  7:04  SCV  
  95  7:06  Marine x2  
  102  7:08  Marauder  
  102  7:10  Marauder  
  102  7:15  SCV x2, Marine  
  106  7:16  SCV, Marine  
  106  7:21  Starport  
  109  7:24  Terran Infantry Armor Level 1, Marine x2  
  104  7:30  Factory Reactor, Marauder  
  101  7:39  Marauder, Marine x4  
  93  7:54  Marauder, Marine x2  
  93  7:57  Marine  
  96  8:00  Marine x3  
  96  8:01  Marauder  
  98  8:06  Supply Depot  
  98  8:11  Marine  
  95  8:13  Refinery, Marine  
  95  8:15  Marauder, Refinery, Marine  
  95  8:17  Starport Reactor  
  97  8:22  Barracks  
  97  8:25  Medivac x3  
  97  8:26  Medivac  
  105  8:27  Marine x3  
  105  8:32  Marauder, Marine  
  111  8:36  Supply Depot, SCV  
  111  8:37  Supply Depot  
  112  8:49  Marauder, Marine x5  
  112  8:53  Marauder  
  112  8:55  Medivac  
  123  9:05  Supply Depot  
  123  9:06  Supply Depot  
  123  9:23  Marauder, Marine x2  
  123  9:24  Marauder, Marine x4  
  118  9:25  Medivac x2  
  120  9:41  Marine x3  
  125  9:57  Supply Depot  
  128  9:59  Supply Depot  
Show
View Real Time Build Order
Export as new Build Order

Unaliased Protoss 

Build Orders:  

Get SALT Encoding   

  12  0:03  Probe (Chrono Boost)  
  13  0:13  Probe (Chrono Boost)  
  14  0:20  Pylon  
  14  0:24  Probe (Chrono Boost)  
  15  0:38  Probe (Chrono Boost), Gateway  
  16  0:47  Assimilator  
  16  0:49  Probe (Chrono Boost)  
  17  0:59  Pylon  
  17  1:00  Probe (Chrono Boost)  
  18  1:12  Probe (Chrono Boost)  
  19  1:23  Probe (Chrono Boost)  
  20  1:26  Cybernetics Core  
  20  1:32  Zealot  
  22  1:33  Probe (Chrono Boost)  
  23  1:44  Probe (Chrono Boost)  
  24  1:57  Nexus  
  24  1:59  Probe (Chrono Boost)  
  25  2:03  Warp Gate (Chrono Boost)  
  25  2:10  Probe (Chrono Boost), Pylon  
  26  2:22  Mothership Core  
  28  2:30  Pylon  
  28  2:43  Probe  
  29  2:46  Gateway  
  29  2:47  Gateway  
  29  2:53  Gateway  
  29  2:55  Probe  
  30  3:07  Probe  
  30  3:08  Pylon  
  30  3:09  Probe  
  32  3:23  Robotics Facility  
  32  3:25  Assimilator  
  32  3:26  Probe  
  32  3:28  Probe  
  32  3:31  Assimilator  
  34  3:37  Probe  
  34  3:40  Forge  
  35  3:44  Probe  
  35  3:47  Probe  
  36  3:50  Assimilator  
  37  3:56  Probe  
  37  3:58  Probe  
  39  4:08  Probe x2  
  40  4:14  Observer (Chrono Boost)  
  42  4:17  Adept  
  42  4:18  Adept  
  42  4:22  Adept  
  42  4:23  Adept  
  50  4:25  Probe  
  50  4:27  Probe  
  52  4:36  Probe  
  53  4:38  Pylon  
  53  4:39  Probe  
  53  4:44  Protoss Ground Weapons Level 1 (Chrono Boost)  
  54  4:46  Probe  
  54  4:51  Probe  
  56  4:56  Sentry  
  56  4:57  Sentry, Probe  
  61  5:01  Nexus  
  61  5:03  Probe  
  61  5:04  Pylon  
  62  5:10  Observer (Chrono Boost)  
  62  5:11  Probe  
  64  5:15  Probe  
  65  5:21  Probe  
  65  5:27  Probe  
  67  5:32  Probe  
  68  5:37  Warp Prism  
  68  5:39  Probe  
  68  5:42  Probe  
  71  5:48  Robotics Bay  
  72  5:51  Probe  
  72  5:53  Probe  
  72  5:54  Assimilator  
  74  5:58  Assimilator  
  74  6:03  Probe x2  
  75  6:09  Adept x4  
  84  6:15  Probe  
  84  6:16  Probe  
  84  6:18  Probe  
  87  6:27  Probe  
  87  6:28  Probe  
  87  6:30  Probe  
  87  6:31  Protoss Ground Armor Level 1 (Chrono Boost)  
  90  6:37  Twilight Council, Probe  
  90  6:39  Pylon  
  91  6:40  Probe  
  91  6:41  Probe  
  91  6:43  Pylon  
  93  6:48  Probe, Pylon  
  93  6:52  Probe  
  95  6:54  Zealot  
  95  6:55  Zealot x2  
  101  7:13  Gateway  
  101  7:14  Gateway  
  101  7:16  Stalker x2  
  101  7:17  Stalker x2, Gateway  
  101  7:19  Gateway  
  96  7:42  Zealot x2  
  96  7:43  Zealot x2  
  82  7:52  Colossus (Chrono Boost)  
  86  8:04  Zealot  
  86  8:05  Zealot x3  
  93  8:13  Probe, Pylon  
  93  8:14  Probe  
  93  8:15  Probe  
  93  8:16  Pylon  
  96  8:24  Probe x2  
  98  8:27  Probe  
  99  8:35  Probe  
  99  8:36  Probe  
  99  8:39  Probe  
  99  8:41  Colossus (Chrono Boost)  
  108  8:52  Adept x3  
  108  8:53  Adept  
  116  9:06  Pylon  
  116  9:07  Pylon  
  116  9:09  Pylon  
  106  9:28  Zealot x4  
  106  9:29  Zealot x2  
Tags
 
Add a new tag
Caveats
  • Supply blocks, unpowered buildings, or Contaminate may cause inaccurate times.
  • Supply counts are checked every 10 seconds.